 Dungeon Crawl Stone Soup version 0.22-a0-803-gd6d8abe (console) character file.

35 removed the Conjurer (level 3, 0/26 HPs)
             Began as a Draconian Wizard on July 22, 2018.
             Succumbed to an adder's poison
             ... on level 1 of the Dungeon.
             The game lasted 00:02:57 (967 turns).

removed the Conjurer (Draconian Wizard)              Turns: 967, Time: 00:02:58

Health: 0/26       AC:  5    Str:  9    XL:     3   Next: 16%
Magic:  3/7        EV: 17    Int: 24    God:
Gold:   63         SH:  0    Dex: 14    Spells: 7/8 levels left

rFire    . . .     SeeInvis .   a - +0 whip
rCold    . . .     Gourm    .   (no shield)
rNeg     . . .     Faith    .   (armour unavailable)
rPois    .         Spirit   .   f - +0 hat
rElec    .         Reflect  .   (no cloak)
rCorr    .         Harm     .   (no gloves)
MR       .....                  (no boots)
Stlth    +++.......             (no amulet)
HPRegen  0.08/turn              (no ring)
MPRegen  0.10/turn              (no ring)

@: brilliant, agile, lethally poisoned (0 -> -2), hasted, very quick
A: unfitting armour, cold-blooded, AC +5
a: no special abilities


You were on level 1 of the Dungeon.
You were not hungry.

You visited 1 branch of the dungeon, and saw 2 of its levels.

You collected 63 gold pieces.

Inventory:

Hand Weapons
 a - a +0 whip (weapon)
 g - a +0 dagger
Armour
 f - a +0 hat (worn)
Scrolls
 e - a scroll of enchant weapon {unknown}
 i - a scroll of amnesia {unknown}
 k - a scroll of magic mapping {unknown}
 l - 2 scrolls of identify {unknown}
Potions
 d - a potion of haste
Comestibles
 c - 3 rations
 n - 5 chunks of flesh


   Skills:
 - Level 1.7 Dodging
 - Level 1.7 Stealth
 - Level 3.0 Spellcasting
 + Level 3.1 Conjurations
   Level 1.0 Summonings
   Level 1.0 Translocations


You had 7 spell levels left.
You knew the following spells:

 Your Spells              Type           Power        Failure   Level  Hunger
a - Magic Dart            Conj           ####         1%          1    None

Your spell library contained the following spells:

 Spells                   Type           Power        Failure   Level  Hunger
 Conjure Flame            Conj/Fire      ####....     2%          3    ###....
 Slow                     Hex            ###.....     1%          2    ##.....
 Mephitic Cloud           Conj/Pois/Air  ###.....     2%          3    ###....
 Blink                    Tloc           N/A          1%          2    ##.....
 Call Imp                 Summ           ###.....     1%          2    ##.....


Dungeon Overview and Level Annotations

Branches:
Dungeon (2/15)

Altars:


Innate Abilities, Weirdness & Mutations

Your plain brown scales are hard. (AC +5)
You cannot fit into any form of body armour.
You are cold-blooded and may be slowed by cold attacks.


Message History

* * * LOW HITPOINT WARNING * * *
You feel sick.
It was a potion of agility.
You feel agile all of a sudden.
It was a potion of brilliance.
You feel clever all of a sudden.
Okay, then.
* * * LOW HITPOINT WARNING * * *
You feel sick.
* * * LOW HITPOINT WARNING * * *
You feel sick.
* * * LOW HITPOINT WARNING * * *
You feel sick.
There is a stone staircase leading up here.
There is a lethal amount of poison in your body!
* * * LOW HITPOINT WARNING * * *
You feel sick.
You climb upwards.
There is a stone staircase leading down here.
You die...

........##.......#
.................#
.................#
........###.....##
.......#........#
.........#......#####
....................#
..........#.........#
#........##.....@...#
#...................#
#...................#
#.........#.........#
#.........###.#######
#.........# #.#
##.......## #.#
..........# #.#
..........# #.#


There were no monsters in sight!

Vanquished Creatures
  2 adders (D:2)
  A leopard gecko (D:2)
  A giant cockroach (D:1)
  A hobgoblin (D:1)
  A bat (D:1)
  4 goblins
  4 kobolds
  2 rats (D:1)
16 creatures vanquished.

Notes
Turn   | Place    | Note
-------+----------+-------------------------------------------
     0 | D:1      | removed the Draconian Wizard began the quest for the Orb.
     0 | D:1      | Reached XP level 1. HP: 14/14 MP: 4/4
   539 | D:1      | Reached XP level 2. HP: 20/20 MP: 0/6
   935 | D:2      | Reached XP level 3. HP: 9/26 MP: 0/7
   961 | D:2      | HP: 1/26 [poisoned by an adder]
   967 | D:1      | Succumbed to an adder's poison

Vault maps used:
D:1:      dpeg_arrival_stone_temple_mockup, minmay_misc_feat_columns
D:2:      lemuel_round_altar, kennysheep_generic_room_15

Skill      XL: |  1  2 |
---------------+-------+-----
Conjurations   | 2 3 |  3.1
Dodging        | |  1.7
Stealth        | |  1.7
Spellcasting   | |  3.0
Summonings     | |  1.0
Translocations | |  1.0

Action                   || total
-------------------------++-------
Melee: Whip              ||    22
       Tailslap          ||     1
 Cast: Magic Dart        ||    42
  Use: Potion            ||     3
Armor: Skin              ||    11
Dodge: Dodged            ||    20

Table legend:
 A = Spawn XP
 B = Non-spawn XP
 C = Spawn XP percentage of total XP
 D = Spawn monster count
 E = Non-spawn monster count
 F = Spawn count percentage of total count
 G = Total turns spent on level
                    A         B        C        D         E        F      G
               +---------+---------+-------+---------+---------+-------+---------
         Total |       0 |      50 |   0.0 |       0 |      16 |   0.0 |   967
               +---------+---------+-------+---------+---------+-------+---------
           D:1 |       0 |      13 |   0.0 |       0 |       9 |   0.0 |   743
           D:2 |       0 |      37 |   0.0 |       0 |       7 |   0.0 |   224
               +---------+---------+-------+---------+---------+-------+---------
